 Dungeon Crawl Stone Soup version 0.16.1-11-g651b585 (webtiles) character file.

182 hhkb the Ruffian (level 5, -2/45 HPs)
             Began as a Ghoul Monk on Mar 30, 2015.
             Slain by an adder (5 damage)
             ... on level 3 of the Dungeon.
             The game lasted 00:10:30 (2994 turns).

hhkb the Ruffian (Ghoul Monk)                       Turns: 2994, Time: 00:10:30

Health: -2/45      AC:  4    Str: 16    XL:     5   Next: 62%
Magic:  4/4        EV: 12    Int:  5    God:
Gold:   158        SH:  0    Dex: 11    Spells: 0 memorised, 4 levels left

rFire  . . .     SeeInvis .     b - -2 hunting sling (curse)
rCold  + . .     Clarity  .     a - +0 robe
rNeg   + + +     SustAb   .     (no shield)
rPois  ∞         Gourm    .     g - +1 hat
rElec  .         Spirit   .     (no cloak)
rCorr  .         Warding  .     n - +0 pair of gloves
rMut   .         Stasis   .     (no boots)
MR     .....                    (no amulet)
Stlth  +.........               (no ring)
                                i - ring of loudness (curse) {Stlth-}

@: about to teleport, rotting, not resistant to hostile enchantments, very
unstealthy
A: rotting body, claws 1, carnivore 3, cold resistance 1, negative energy
resistance 3, poison resistance, slow healing 1, torment resistance, unbreathing
a: no special abilities


You were on level 3 of the Dungeon.
You were not hungry.

You visited 1 branch of the dungeon, and saw 3 of its levels.

You collected 158 gold pieces.

Inventory:

Hand weapons
 b - a cursed -2 hunting sling (weapon)
   (You found it on level 3 of the Dungeon)
Armour
 a - a +0 robe (worn)
 g - a +1 hat (worn)
   (You found it on level 3 of the Dungeon)
 n - a +0 pair of gloves (worn)
   (You found it on level 1 of the Dungeon)
Jewellery
 i - a cursed ring of loudness (left hand) {Stlth-}
   (You found it on level 1 of the Dungeon)
Scrolls
 k - a scroll of fog
Potions
 c - 2 potions of curing
 d - 3 potions of heal wounds
 h - 2 potions of agility
 j - 2 potions of restore abilities
 l - a potion of magic {unknown}
 m - a potion of resistance {unknown}
Books
 q - a book of Beasts
   (You found it on level 3 of the Dungeon)
Comestibles
 f - a royal jelly
 p - a meat ration {@e2}
 r - a chunk of flesh {@w0}
 s - a bread ration {@e1}


   Skills:
 - Level 3.2 Fighting
 - Level 2.6 Dodging
 - Level 2.1 Stealth
 + Level 7.3 Unarmed Combat


You had 4 spell levels left.
You didn't know any spells.

Dungeon Overview and Level Annotations

Branches:
Dungeon (3/15)

Altars:

Annotations:
D:3 Natasha


Innate Abilities, Weirdness & Mutations

Your body is rotting away.
You thrive on raw meat.
You have sharp fingernails.
You are carnivorous and can eat meat at any time.
Your flesh is cold resistant.
You are immune to negative energy.
Your system is resistant to poisons.
You heal slowly when monsters are visible.
You are immune to unholy pain and torment.
You can survive without breathing.


Message History

Really attack while wielding your cursed -2 hunting sling? [Y]es or [N]o only, please.
Really attack while wielding your cursed -2 hunting sling?
You clumsily bash the adder but do no damage.
The adder completely misses you.
You barely miss the adder. The adder bites you but does no damage.
The adder closely misses you.
You barely miss the adder. The adder misses you. The adder closely misses you.
You closely miss the adder. The adder bites you. The adder closely misses you.
You take 3 damage, and have 36/45 hp.
You barely miss the adder. Your punch misses the adder. The adder bites you.
The adder bites you but does no damage.
You take 2 damage, and have 34/45 hp.
You clumsily bash the adder but do no damage.
The adder misses you. The adder closely misses you.
You barely miss the adder. The adder closely misses you. The adder misses you.
You aren't carrying any items that can be evoked.
You aren't carrying any items that can be evoked.
You aren't carrying any items that can be evoked.
You aren't carrying any items that can be evoked.
Unknown command.
You clumsily bash the adder but do no damage.
Your punch misses the adder. The adder barely misses you.
The adder bites you but does no damage.
You clumsily bash the adder but do no damage.
You punch the adder. The adder bites you. The adder barely misses you.
You take 1 damage, and have 34/45 hp.
You closely miss the adder. The adder bites you. The adder bites you.
You take 7 damage, and have 27/45 hp.
You barely miss the adder. The adder bites you but does no damage.
The adder barely misses you.
You clumsily bash the adder but do no damage.
The adder bites you but does no damage. x2
You closely miss the adder. The adder barely misses you.
The adder barely misses you.
You clumsily bash the adder but do no damage.
The adder closely misses you. The adder barely misses you.
You closely miss the adder. The adder bites you.
The adder bites you but does no damage.
You take 1 damage, and have 26/45 hp.
You clumsily bash the adder but do no damage.
The adder bites you but does no damage. The adder closely misses you.
You clumsily bash the adder but do no damage.
The adder closely misses you. The adder bites you but does no damage.
You closely miss the adder. The adder barely misses you.
The adder barely misses you.
You clumsily bash the adder but do no damage.
The adder closely misses you. The adder bites you.
You take 1 damage, and have 26/45 hp.
You closely miss the adder. The adder closely misses you. The adder bites you.
You take 1 damage, and have 25/45 hp.
You miss the adder. The adder bites you.
You take 4 damage, and have 21/45 hp.
You clumsily bash the adder but do no damage.
Your punch misses the adder. The adder bites you but does no damage.
The adder barely misses you.
You barely miss the adder. The adder bites you but does no damage.
The adder misses you.
You completely miss the adder. The adder bites you but does no damage.
The adder closely misses you.
You barely miss the adder. The adder misses you. The adder bites you.
You clumsily bash the adder but do no damage.
The adder closely misses you. The adder bites you.
You take 4 damage, and have 17/45 hp.
You clumsily bash the adder but do no damage.
The adder closely misses you. The adder bites you but does no damage.
You miss the adder. The adder bites you but does no damage.
The adder bites you.
You take 3 damage, and have 14/45 hp.
You completely miss the adder. The adder bites you but does no damage.
The adder bites you.
* * * LOW HITPOINT WARNING * * *
You take 2 damage, and have 12/45 hp.
You closely miss the adder. The adder bites you.
* * * LOW HITPOINT WARNING * * *
The adder bites you.
* * * LOW HITPOINT WARNING * * *
You take 3 damage, and have 9/45 hp.
You barely miss the adder. The adder bites you but does no damage.
The adder bites you but does no damage.
Things that are here:
a dagger; a rat corpse Unknown command.
You clumsily bash the adder but do no damage.
The adder misses you. The adder bites you.
* * * LOW HITPOINT WARNING * * *
You take 3 damage, and have 6/45 hp.
You closely miss the adder. The adder bites you.
* * * LOW HITPOINT WARNING * * *
The adder bites you.
* * * LOW HITPOINT WARNING * * *
You take 4 damage, and have 2/45 hp.
Read which item? (? for menu, Esc to quit)
Okay, then.
Read which item? (? for menu, Esc to quit)
As you read the scroll of teleportation, it crumbles to dust.
You feel strangely unstable. The adder barely misses you.
You miss the adder. The adder misses you. The adder bites you.
You die...

#≈≈..#### #≈≈....|
#≈.≈...## #s≈.S...#
≈≈≈≈≈...#.## .
≈≈.....#.(# # #.
.......##(## .. #.
....... #.S# # ..#.
.####.###@####..#..
.#.
...................
..
########.###..#...
#. #..##..#.... #.
##.##..# ... #.
#..#..####.####.
##.#............
#.#............
#...##.####.##.


You could see an adder.

Vanquished Creatures
  Natasha (D:3)
  Ijyb (D:2)
  3 gnolls (D:2)
  3 adders
  2 worms (D:2)
  A giant mite (D:3)
  3 oozes
  An orc (D:3)
  3 giant cockroaches
  9 hobgoblins
  2 quokkas (D:3)
  9 bats
  3 giant newts
  8 goblins
  8 kobolds
  9 rats
66 creatures vanquished.

Notes
Turn   | Place    | Note
--------------------------------------------------------------
     0 | D:1      | hhkb, the Ghoul Monk, began the quest for the Orb.
     0 | D:1      | Reached XP level 1. HP: 19/19 MP: 1/1
   229 | D:1      | Reached XP level 2. HP: 26/26 MP: 2/2
   392 | D:1      | Reached skill level 5 in Unarmed Combat
   836 | D:2      | Noticed Ijyb
   895 | D:2      | Reached XP level 3. HP: 21/31 MP: 3/3
  1016 | D:2      | Killed Ijyb
  1195 | D:2      | Reached skill level 6 in Unarmed Combat
  1195 | D:2      | Reached XP level 4. HP: 29/38 MP: 3/3
  1805 | D:2      | Reached XP level 5. HP: 42/45 MP: 4/4
  2148 | D:3      | Noticed Natasha
  2158 | D:3      | Killed Natasha
  2158 | D:3      | Reached skill level 7 in Unarmed Combat
  2493 | D:3      | Noticed Natasha
  2692 | D:3      | HP: 10/45 [hobgoblin (2)]
  2988 | D:3      | HP: 10/45 [adder (2)]
  2992 | D:3      | HP: 4/45 [adder (2)]
  2994 | D:3      | Slain by an adder

Action                   |  1- 3 |  4- 6 || total
-------------------------+-------+-------++-------
Melee: Unarmed           |    98 |   100 ||   198
       Hunting sling     |       |    42 ||    42
 Fire: Hunting sling     |       |   105 ||   105
Throw: Stone             |     3 |    15 ||    18
  Use: Scroll            |       |    13 ||    13
  Eat: Chunk             |    10 |    17 ||    27

Vault maps used:
D:1:      dpeg_arrival_rooms_with_view
D:2:      st_stairs_10, uniq_iyjb
D:3:      old_standard_altar, portal_sewer_entry_e, first_bread,
          dk_noncrumbling_4, minmay_misc_feat_hallway,
          hangedman_abyss_or_decor_lesser_grid, uniq_natasha, uniq_robin

Table legend:
 A = Turns spent in this place as a percentage of turns spent in the entire game.
 B = Non-inter-level travel turns spent in this place as a percentage of non-inter-level travel turns spent in the entire game.
 C = Inter-level travel turns spent in this place as a percentage of turns spent in this place.
 D = Turns resting spent in this place as a percentage of non-inter-level travel turns spent in this place.
 E = Turns spent auto-exploring this place as a percentage of non-inter-level travel turns spent in this place.
 F = Non-inter-level travel turns spent in this place divided by the number of levels of this place that you've seen.
                   A       B       C       D       E      F
               +-------+-------+-------+-------+-------+----------------------
         Total | 100.0 | 100.0 |   0.7 |   0.9 |   4.7 | 548.3
       Dungeon | 100.0 | 100.0 |   0.7 |   0.9 |   4.7 | 548.3
               +-------+-------+-------+-------+-------+----------------------

Table legend:
 A = Kills in this place as a percentage of kills in entire the game.
 B = Kills by you in this place as a percentage of kills by you in the entire game.
 C = Kills by friends in this place as a percentage of kills by friends in the entire game.
 D = Other kills in this place as a percentage of other kills in the entire game.
 E = Experience gained in this place as a percentage of experience gained in the entire game.
 F = Experience gained in this place divided by the number of levels of this place that you have seen.
                   A       B       C       D       E      F
               +-------+-------+-------+-------+-------+----------------------
         Total | 100.0 | 100.0 |  -nan |  -nan | 100.0 |  87.0
       Dungeon | 100.0 | 100.0 |  -nan |  -nan | 100.0 |  87.0
               +-------+-------+-------+-------+-------+----------------------
